 Dungeon Crawl Stone Soup version 0.20.1-1-g8b1a95d (webtiles) character file.

157 tidbits the Insei (level 4, -1/34 HPs)
             Began as a Demigod Transmuter on Aug 24, 2017.
             Slain by Sigmund
             ... wielding a +0 scythe
              (4 damage)
             ... on level 3 of the Dungeon.
             The game lasted 00:09:29 (1102 turns).

tidbits the Insei (Demigod Transmuter)              Turns: 1102, Time: 00:09:29

Health: -1/34      AC:  2    Str: 13    XL:     4   Next: 93%
Magic:  1/9        EV: 12    Int: 19    God:
Gold:   70         SH:  0    Dex: 16    Spells: 1/7 levels left

rFire    . . .     SeeInvis .     - Unarmed
rCold    . . .     Gourm    .   (no shield)
rNeg     + . .     Faith    .   b - +0 robe
rPois    .         Spirit   .   (no helmet)
rElec    .         Reflect  .   (no cloak)
rCorr    .         Harm     .   (no gloves)
MR       .....                  (no boots)
Stlth    +.........             (no amulet)
Regen    0.2/turn               h - ring of positive energy
MPRegen  0.2/turn               (no ring)

@: about to teleport
A: high mp 1
a: no special abilities


You were on level 3 of the Dungeon.
You were not hungry.

You visited 1 branch of the dungeon, and saw 3 of its levels.

You collected 70 gold pieces.

Inventory:

Missiles
 a - 42 arrows
Armour
 b - a +0 robe (worn)
Jewellery
 h - a ring of positive energy (left hand)
   (You found it on level 1 of the Dungeon)
 n - an uncursed ring of see invisible {unknown}
   (You found it on level 3 of the Dungeon)
Scrolls
 j - a scroll of amnesia {unknown}
 k - a scroll of remove curse {unknown}
Potions
 e - a potion of berserk rage {unknown}
 m - a potion of brilliance {unknown}
 o - a potion of resistance {unknown}
Books
 c - a book of Changes

   Spells                             Type                      Level
   a - Beastly Appendage              Transmutation                1
   b - Sticks to Snakes               Transmutation                2
   c - Spider Form                    Transmutation/Poison         3
   d - Ice Form                       Ice/Transmutation            4
   e - Blade Hands                    Transmutation                5
Comestibles
 d - a bread ration
 f - 2 meat rations
 l - 3 chunks of flesh


   Skills:
 - Level 0.8 Fighting
 - Level 1.7 Dodging
 + Level 5.0 Unarmed Combat
 - Level 2.0 Spellcasting
 + Level 2.2 Transmutations


You had one spell level left.
You knew the following spells:

 Your Spells              Type           Power        Failure   Level  Hunger
e - Beastly Appendage     Tmut           ##....       7%          1    #......
k - Sticks to Snakes      Tmut           ##......     10%         2    ###....
p - Spider Form           Tmut/Pois      #.........   32%         3    ###....


Dungeon Overview and Level Annotations

Branches:
Dungeon (3/15)

Annotations:
D:3 Agrougrou's ghost, amateur BaFi; Sigmund


Innate Abilities, Weirdness & Mutations

You have an increased reservoir of magic. (+10% MP)


Message History

You kill the orc wizard!
Your Unarmed Combat skill increases to level 5!
You kill the orc!
You hit the orc but do no damage.
The orc is poisoned.
The orc hits you with a club.
You hit the orc.
The orc looks as sick as possible!
The orc is heavily wounded.
The orc closely misses you.
You hit the orc but do no damage.
The orc is almost dead.
You kill the orc!
Your transformation has ended.
Your +0 robe unmelds from your body.
Items here: )) [[ † a club; a scale mail; a dagger; a robe; an orc corpse
Things that are here:
a hand axe; a ring mail
Found 14 gold pieces.
You now have 61 gold pieces (gained 14).
Found 9 gold pieces.
A hobgoblin comes into view. It is wielding a club.
Found a mace, a meat ration and a golden potion.
The hobgoblin shouts!
Found 8 poisoned needles.
Found a stone staircase leading up.
You see here 9 gold pieces.
You now have 70 gold pieces (gained 9).
You see here a golden potion.
o - a golden potion The orc shouts!
Found a leather armour and 16 arrows.
Casting: Spider Form
Confirm with . or Enter, or press ? or * to list all spells.
You turn into a venomous arachnid creature.
Your +0 robe melds into your body.
Casting: Spider Form
Confirm with . or Enter, or press ? or * to list all spells.
You create a snake!
You now have 28 arrows.
Your ball python bites the hobgoblin but does no damage.
Your ball python closely misses the hobgoblin.
You hit the hobgoblin.
You kill the hobgoblin!
You are feeling hungry.
You hit the orc.
The orc is poisoned.
The orc is lightly wounded.
Your transformation is almost over.
Your ball python bites the orc.
Your ball python barely misses the orc.
The orc hits your ball python with a flail!
Your ball python dies!
You hit the orc but do no damage.
The orc looks as sick as possible!
The orc is severely wounded.
The orc misses you.
You hit the orc but do no damage.
The orc looks as sick as possible!
The orc is severely wounded.
You kill the orc!
The bat hits you but does no damage.
You bite the bat!
You kill the bat!
Eat one of 4 chunks of flesh? (ye/n/q)
You eat one of the 4 chunks of flesh.
This raw flesh tastes terrible.
Sigmund shouts!
Items here: $ ) [ † a flail; a scale mail; 18 gold pieces; an orc corpse Your transformation has ended.
Your +0 robe unmelds from your body.
Sigmund gestures wildly while chanting.
Sigmund flickers and vanishes!
Deactivating autopickup; reactivate with Ctrl-A.
Found a stone staircase leading down.
You are confused.
You bump into the rock wall.
There are no items here.
You feel better.
You are confused.
You see here 16 arrows.
a - 44 arrows (gained 16) You're too confused to cast spells.
You hear some strange, mumbled words.
A puff of flame appears from out of thin air!
The puff of flame hits you!
You're too confused to cast spells.
You bump into the rock wall.
Something hits you!
* * * LOW HITPOINT WARNING * * *
Unknown command.
You feel better.
Casting: Sticks to Snakes
Confirm with . or Enter, or press ? or * to list all spells.
You create a snake!
You now have 43 arrows.
Something hits you.
Casting: Sticks to Snakes
Confirm with . or Enter, or press ? or * to list all spells.
You create a snake!
You now have 42 arrows.
Something hits you!
* * * LOW HITPOINT WARNING * * *
As you read the scroll labeled XITWAIMAHO, it crumbles to dust.
You feel strangely unstable.
It was a scroll of teleportation.
You hear some strange, mumbled words.
A puff of flame appears from out of thin air!
The puff of flame misses you. Something hits you!
* * * LOW HITPOINT WARNING * * *
Something hits you.
You die...

#.......######).#>###
#####@###
....######............
#...).... ....#
#...........#
#...<)... ....#
#.[.........#
#........ ....#
#...........#
#........ ....#
#..........##
######### ....#
#..........# #####
#.....S....#
#.....S@...#
############


You could see 2 friendly ball pythons.

Vanquished Creatures
  An orc priest (D:3)
  2 orc wizards (D:3)
  Jessica (D:2)
  A dart slug (D:1)
  2 leopard geckos
  7 orcs (D:3)
  A giant cockroach (D:3)
  5 goblins
  5 hobgoblins
  A jackal (D:2)
  3 kobolds
  A quokka (D:2)
  5 bats
  A frilled lizard (D:1)
  3 rats (D:1)
39 creatures vanquished.

Vanquished Creatures (collateral kills)
  A worm (D:2)
  2 giant cockroaches (D:1)
  A hobgoblin (D:1)
  A jackal (D:2)
5 creatures vanquished.

Grand Total: 44 creatures vanquished

Notes
Turn   | Place    | Note
-------+----------+-------------------------------------------
     0 | D:1      | tidbits the Demigod Transmuter began the quest for the Orb.
     0 | D:1      | Reached XP level 1. HP: 15/15 MP: 5/5
    72 | D:1      | Reached skill level 2 in Transmutations
    86 | D:1      | Reached skill level 2 in Spellcasting
   176 | D:1      | Reached skill level 3 in Unarmed Combat
   176 | D:1      | Reached XP level 2. HP: 9/22 MP: 7/7
   180 | D:1      | Learned a level 2 spell: Sticks to Snakes
   389 | D:2      | Noticed Jessica
   631 | D:3      | Noticed Agrougrou's ghost (amateur BaFi)
   684 | D:2      | Killed Jessica
   684 | D:2      | Reached skill level 4 in Unarmed Combat
   684 | D:2      | Reached XP level 3. HP: 27/27 MP: 1/8
   722 | D:3      | Noticed Sigmund
   763 | D:2      | Learned a level 3 spell: Spider Form
   940 | D:3      | Reached XP level 4. HP: 18/34 MP: 2/9
  1036 | D:3      | Reached skill level 5 in Unarmed Combat
  1101 | D:3      | HP: 3/34 [something (10)]
  1102 | D:3      | Slain by Sigmund

Skill      XL: |  1  2  3  4 |
---------------+-------------+-----
Transmutations | 2 |  2.2
Spellcasting   | 2 |  2.0
Unarmed Combat | 3 4 5 |  5.0
Fighting       | |  0.8
Dodging        | |  1.7

Action                   |  1- 3 |  4- 6 || total
-------------------------+-------+-------++-------
Melee: Unarmed           |    65 |    22 ||    87
       Kick              |     5 |       ||     5
       Headbutt          |     3 |       ||     3
       Punch             |       |     1 ||     1
 Cast: Beastly Appendage |    18 |     1 ||    19
       Sticks to Snakes  |     8 |     4 ||    12
       Spider Form       |     4 |     3 ||     7
  Use: Potion            |     1 |     2 ||     3
       Scroll            |     1 |     1 ||     2
  Eat: Chunk             |     1 |     2 ||     3
Armor: Robe              |     5 |       ||     5
       Skin              |       |     1 ||     1
Dodge: Dodged            |    41 |     9 ||    50

Table legend:
 A = Turns spent in this place as a percentage of turns spent in the entire game.
 B = Non-inter-level travel turns spent in this place as a percentage of non-inter-level travel turns spent in the entire game.
 C = Inter-level travel turns spent in this place as a percentage of turns spent in this place.
 D = Turns resting spent in this place as a percentage of non-inter-level travel turns spent in this place.
 E = Turns spent auto-exploring this place as a percentage of non-inter-level travel turns spent in this place.
 F = Non-inter-level travel turns spent in this place divided by the number of levels of this place that you've seen.
                   A       B       C       D       E      F
               +-------+-------+-------+-------+-------+----------------------
         Total | 100.0 | 100.0 |   0.1 |   0.0 |   0.0 | 302.0
       Dungeon | 100.0 | 100.0 |   0.1 |   0.0 |   0.0 | 302.0
               +-------+-------+-------+-------+-------+----------------------

Table legend:
 A = Kills in this place as a percentage of kills in entire the game.
 B = Kills by you in this place as a percentage of kills by you in the entire game.
 C = Kills by friends in this place as a percentage of kills by friends in the entire game.
 D = Other kills in this place as a percentage of other kills in the entire game.
 E = Experience gained in this place as a percentage of experience gained in the entire game.
 F = Experience gained in this place divided by the number of levels of this place that you have seen.
                   A       B       C       D       E      F
               +-------+-------+-------+-------+-------+----------------------
         Total | 100.0 | 100.0 | 100.0 |  -nan | 100.0 |  75.0
       Dungeon | 100.0 | 100.0 | 100.0 |  -nan | 100.0 |  75.0
               +-------+-------+-------+-------+-------+----------------------

Vault maps used:
D:1:      lightli_arrival_windingriver, minmay_hexomino_p4
D:2:      uniq_jessica
D:3:      chequers_ecumenical_altar_simple, first_bread, minmay_liquid_box,
          uniq_sigmund
